 Dungeon Crawl Stone Soup version 0.21-a0 (webtiles) character file.

412 Lexie the Firebug (level 6, 0/39 HPs)
             Began as an Octopode Fire Elementalist on May 19, 2017.
             Slain by a centaur (7 damage)
             ... on level 5 of the Dungeon.
             The game lasted 00:11:31 (6016 turns).

Lexie the Firebug (Octopode Fire Elementalist)      Turns: 6016, Time: 00:11:32

Health: 0/39       AC:  1    Str:  7    XL:     6   Next: 90%
Magic:  4/12       EV: 13    Int: 20    God:
Gold:   137        SH:  0    Dex:  6    Spells: 3/13 levels left

rFire    . . .     SeeInvis .   f - +0 dagger
rCold    + . .     Gourm    .   (no shield)
rNeg     . . .     Faith    .   (helmet restricted)
rPois    .         Spirit   .   (no amulet)
rElec    .         Reflect  .   i - ring of stealth
rCorr    .         Harm     .   l - ring of protection from cold (curse)
MR       .....                  n - -6 ring of dexterity (curse)
Stlth    ++++......             (no ring)
Regen    0.2/turn               (no ring)
MPRegen  0.2/turn               (no ring)
                                (no ring)
                                (no ring)

@: very slightly contaminated
A: almost no armour, stealthy swim, amphibious, 8 rings, constrict 8, fangs 1,
camouflage 1, robust 1, gelatinous body 1
a: no special abilities


You were on level 5 of the Dungeon.
You were near starving.

You visited 2 branches of the dungeon, and saw 6 of its levels.

You collected 137 gold pieces.

Inventory:

Hand Weapons
 f - a +0 dagger (weapon)
 v - a +1 dagger of venom
Armour
 p - a +0 buckler
Jewellery
 i - a ring of stealth (left tentacle)
 l - a cursed ring of protection from cold (right tentacle)
 n - a cursed -6 ring of dexterity (on tentacle)
Scrolls
 d - a scroll of fear {unknown}
 g - a scroll of recharging {unknown}
 h - a scroll of random uselessness {unknown}
 j - 2 scrolls of enchant weapon {unknown}
 k - 2 scrolls of teleportation {unknown}
 o - 6 scrolls of identify {unknown}
 x - 2 scrolls of remove curse {unknown}
 y - a scroll of immolation {unknown}
Potions
 e - 2 potions of mutation
 m - a potion of lignification {unknown}
 r - 3 potions of curing {unknown}
 s - a potion of magic {unknown}
 u - a potion of brilliance {unknown}
 w - a potion of berserk rage {unknown}
 z - a potion of agility {unknown}
Books
 a - a book of Flames

   Spells                             Type                      Level
   a - Flame Tongue                   Conjuration/Fire             1
   b - Throw Flame                    Conjuration/Fire             2
   c - Conjure Flame                  Conjuration/Fire             3
   d - Inner Flame                    Hexes/Fire                   3
   e - Sticky Flame                   Conjuration/Fire             4
   f - Fireball                       Conjuration/Fire             5
 t - a book of Cantrips

   Spells                             Type                      Level
   a - Confusing Touch                Hexes                        1
   b - Animate Skeleton               Necromancy                   1
   c - Summon Small Mammal            Summoning                    1
   d - Apportation                    Translocation                1
Comestibles
 b - 3 bread rations
 c - 2 meat rations
 q - a royal jelly


   Skills:
 - Level 2.2 Dodging
 - Level 3.1 Stealth
 + Level 2.4 Shields
 - Level 0.4 Unarmed Combat
 * Level 4.1 Spellcasting
 + Level 2.8 Conjurations
 + Level 4.4 Fire Magic


You had 3 spell levels left.
You knew the following spells:

 Your Spells              Type           Power        Failure   Level  Hunger
a - Flame Tongue          Conj/Fire      ###..        2%          1    None
b - Throw Flame           Conj/Fire      ###...       4%          2    #......
c - Conjure Flame         Conj/Fire      ###.....     9%          3    ###....
d - Sticky Flame          Conj/Fire      ###.....     28%         4    ####...


Dungeon Overview and Level Annotations

Branches:
Dungeon (5/15)             Temple (1/1) D:4

Altars:
Ashenzari
Dithmenos
Elyvilon
Fedhas
Gozag
Hepliaklqana
Kikubaaqudgha
Makhleb
Nemelex Xobeh
Okawaru
Qazlal
Ru
Sif Muna
Trog
Uskayaw
Wu Jian
Xom
Yredelemnul
Zin
The Shining One

Shops:
D:5 *

Annotations:
D:2 Terence


Innate Abilities, Weirdness & Mutations

You cannot wear most types of armour.
You are very stealthy in the water. (Stealth+)
You are amphibious.
You can wear up to eight rings at the same time.
You can use your tentacles to constrict eight enemies at once.
Your skin changes colour to match your surroundings (Stealth+).
Your rubbery body absorbs attacks. (AC +1, EV +1)
You have very sharp teeth.
You are robust. (+10% HP)


Message History

You are very lightly contaminated with residual magic.
Flames sear your flesh.
You are near starving!
The centaur hits you. The centaur misses you.
Casting: Sticky Flame
Confirm with . or Enter, or press ? or * to list all spells.
Aiming: Sticky Flame
Press: ? - help, Shift-Dir - straight line, f/p - centaur
Aim: a centaur The sticky flame hits the centaur.
The centaur is lightly wounded.
The centaur is covered in liquid flames!
The centaur burns!
The centaur hits you!
* * * LOW HITPOINT WARNING * * *
You hit the centaur but do no damage.
The centaur is moderately wounded.
The centaur burns!
The centaur hits you.
* * * LOW HITPOINT WARNING * * *
The centaur hits you!
You die...

.# .# .# .#.#...
.#.#### ###.#.....
#########........#
#.(..............#
#@#######........#
#.c.......<.........
###.####.###....####
#.# .. #....# #.#..
#....#### #.##
#........ #..
#....#### ###
#........ #..#......


You could see a centaur (burning).

Vanquished Creatures
  An ogre (D:4)
  A howler monkey (D:4)
  An orc wizard (D:4)
  A worker ant (D:4)
  9 gnolls
  3 adders
  A white imp (D:4)
  4 oozes
  A dart slug (D:1)
  2 leopard geckos
  9 orcs
  3 ball pythons
  7 bats
  5 giant cockroaches
  12 goblins
  4 hobgoblins
  4 jackals
  5 kobolds
  3 quokkas
  4 frilled lizards
  A goblin skeleton (D:4)
  A goblin zombie (D:4)
  2 hobgoblin zombies (D:4)
  A kobold skeleton (D:4)
  A kobold zombie (D:4)
  2 orc skeletons (D:4)
  2 orc zombies (D:4)
  7 rats
97 creatures vanquished.

Notes
Turn   | Place    | Note
-------+----------+-------------------------------------------
     0 | D:1      | Lexie the Octopode Fire Elementalist began the quest for the Orb.
     0 | D:1      | Reached XP level 1. HP: 11/11 MP: 3/3
    46 | D:1      | Reached XP level 2. HP: 16/17 MP: 0/5
   793 | D:2      | Reached XP level 3. HP: 19/21 MP: 2/6
  1219 | D:1      | Learned a level 2 spell: Throw Flame
  1223 | D:1      | Learned a level 3 spell: Conjure Flame
  1573 | D:2      | Noticed Terence
  1835 | D:3      | Reached XP level 4. HP: 27/27 MP: 0/8
  2002 | D:3      | Found a hide-covered altar of Uskayaw.
  2002 | D:3      | Found an ancient bone altar of Kikubaaqudgha.
  2003 | D:3      | Found a blossoming altar of Fedhas.
  2356 | D:3      | Noticed a hippogriff
  2377 | D:3      | Gained mutation: You are robust. (+10% HP) [potion of mutation]
  2377 | D:3      | Gained mutation: You have very sharp teeth. [potion of mutation]
  2581 | D:2      | Reached skill level 1 in Shields
  2631 | D:2      | Reached XP level 5. HP: 34/34 MP: 4/9
  3233 | D:2      | Found a shattered altar of Ashenzari.
  3761 | D:4      | Found a staircase to the Ecumenical Temple.
  3769 | Temple   | Entered the Ecumenical Temple
  4232 | D:4      | Found a glowing golden altar of the Shining One.
  4516 | D:4      | Reached XP level 6. HP: 39/39 MP: 2/11
  4699 | D:4      | Found an iron altar of Okawaru.
  4700 | D:4      | Found a bloodstained altar of Trog.
  5328 | D:4      | Learned a level 4 spell: Sticky Flame
  5502 | D:4      | Noticed an orc warrior
  5891 | D:5      | Entered Level 5 of the Dungeon
  5984 | D:5      | Found Zin's Purification Station.
  5989 | D:5      | Found a glowing silver altar of Zin.
  6016 | D:5      | Slain by a centaur

Vault maps used:
D:1:      scummos_arrival_star, hex_tiny
D:2:      lemuel_upstairs_altar, uniq_terence
D:3:      gammafunk_temple_overflow_claw, first_bread, grunt_ministairs_7,
          kennysheep_potato
D:4:      grunt_temple_overflow_bloody_war, nicolae_tso_besieged_by_evil,
          minmay_temple_entry_junction
D:5:      zin_purify, basic_altar, kennysheep_opposing_triangles
Temple:   nicolae_temple_figure_eight

Skill      XL: |  1  2  3  4  5  6 |
---------------+-------------------+-----
Stealth        | 3 |  3.1
Fire Magic     | 4 |  4.4
Shields        | 1 2 |  2.4
Spellcasting   | 3 4 |  4.1
Conjurations   | 2 |  2.8
Dodging        | |  2.2
Unarmed Combat | |  0.4

Action                   |  1- 3 |  4- 6 || total
-------------------------+-------+-------++-------
Melee: Unarmed           |    12 |       ||    12
       Constrict         |     3 |     8 ||    11
       Tentacles         |     1 |     4 ||     5
       Dagger            |       |    24 ||    24
       Bite              |       |     2 ||     2
 Cast: Flame Tongue      |    56 |   128 ||   184
       Throw Flame       |     5 |    13 ||    18
       Conjure Flame     |     1 |     8 ||     9
       Sticky Flame      |       |     1 ||     1
  Use: Potion            |       |     2 ||     2
 Stab: Sleeping          |     2 |       ||     2
  Eat: Chunk             |     3 |    13 ||    16
Armor: Skin              |     2 |     6 ||     8
Dodge: Dodged            |    37 |    46 ||    83
